 Dungeon Crawl Stone Soup version 0.29.1-1-gd02db6906a (webtiles) character file.

Game seed: 8989102759546224716

18 Demigod47 the Trooper (level 2, -1/24 HPs)
             Began as a Demonspawn Abyssal Knight on Oct 10, 2022.
             Was a Believer of Lugonu.
             Slain by a gnoll
             ... wielding a +0 halberd
              (6 damage)
             ... on level 2 of the Dungeon.
             The game lasted 00:01:37 (892 turns).

Demigod47 the Trooper (Demonspawn Abyssal Knight)    Turns: 892, Time: 00:01:38

Health: -1/24      AC:  3    Str: 13    XL:     2   Next: 48%
Magic:  3/3        EV: 11    Int: 11    God:    Lugonu [**....]
Gold:   47         SH:  0    Dex: 13    Spells: 1/1 levels left

rFire   + . .      SeeInvis .   f - +2 short sword (elec)
rCold   x . .      Faith    .   (no shield)
rNeg    . . .      Spirit   .   b - +0 leather armour
rPois   .          Reflect  .   (no helmet)
rElec   .          Harm     .   (no cloak)
rCorr   .          Rampage  .   (no gloves)
Will    .....                   (no boots)
Stlth   +.........              (no amulet)
HPRegen 0.08/turn               g - ring of fire
MPRegen 0.08/turn               (no ring)

@: no status effects
A: powered by death 1
a: Renounce Religion, Depart the Abyss, Bend Space


You were on level 2 of the Dungeon.
You worshipped Lugonu.
Lugonu was pleased with you.
You visited 1 branch of the dungeon, and saw 2 of its levels.
You visited the Abyss 1 time.

You collected 47 gold pieces.

Inventory:

Hand Weapons
 a - a +1 short sword
 f - a +2 short sword of electrocution (weapon)
Armour
 b - a +0 leather armour (worn)
Jewellery
 g - a ring of fire (left hand)
Scrolls
 c - a scroll of teleportation {unknown}
 e - a scroll of amnesia {unknown}
 h - a scroll of vulnerability {unknown}
 m - a scroll of enchant weapon {unknown}
Potions
 d - 2 potions of heal wounds
 i - a potion of might {unknown}
 j - a potion of flight {unknown}
 k - a potion of attraction {unknown}
 l - a potion of curing {unknown}


   Skills:
 + Level 3.4 Fighting
 + Level 2.2 Short Blades
 + Level 1.9 Armour
 + Level 1.0 Dodging
 + Level 2.4 Invocations


You had one spell level left.
You didn't know any spells.
Your spell library contained the following spells:

 Spells                   Type           Power      Damage    Failure   Level
 Shock                    Conj/Air       0%         1d3       41%         1
 Swiftness                Air            0%         N/A       80%         3
 Airstrike                Air            0%         2d(0-16)  99%         4
 Hailstorm                Conj/Ice       0%         3d3       99%         4
 Ice Form                 Ice/Tmut       0%         N/A       99%         4
 Simulacrum               Ice/Necr       0%         N/A       100%        6


Dungeon Overview and Level Annotations

Branches:
Dungeon (2/15)

Altars:


Innate Abilities, Weirdness & Mutations

You regenerate a little health from kills.


Message History

You kill the ball python!
Lugonu accepts your kill.
You see here a ball python corpse.
A rat comes into view.
A bat comes into view.
The bat completely misses you. The bat barely misses you.
The bat barely misses you. The bat closely misses you. The rat bites you.
You hit the rat.
You kill the rat!
Lugonu accepts your kill. The bat hits you but does no damage.
The bat attacks as you move away! The bat hits you. The bat closely misses you.
The bat hits you but does no damage.
You see here a rat corpse.
The bat closely misses you.
You hit the bat.
The bat is moderately wounded.
The bat hits you. The bat closely misses you.
You hit the bat.
You kill the bat!
Lugonu accepts your kill.
You see here a rat corpse.
A hobgoblin comes into view.
A hobgoblin is nearby!
The hobgoblin shouts!
The hobgoblin closely misses you.
You hit the hobgoblin.
You kill the hobgoblin!
Lugonu accepts your kill.
A gnoll comes into view. It is wielding a +0 halberd.
The gnoll closely misses you.
A gnoll comes into view. It is wielding a +0 spear.
The gnoll shouts!
The gnoll hits you with a +0 halberd!
* * * LOW HITPOINT WARNING * * *
You hit the gnoll.
The gnoll is lightly wounded.
The gnoll hits you with a +0 halberd.
You die...

### #.. #.# #g#
#..###@####.###
#..g...........
##.####.#######
.## #.# #### ..
#.# .....#. #†#
#...##.######
#......†..<.#
#.####.####.#


You could see 2 gnolls.

Vanquished Creatures
  A ball python (D:2)
  An endoplasm (D:1)
  2 giant cockroaches (D:1)
  2 goblins (D:1)
  A hobgoblin (D:2)
  3 kobolds (D:1)
  A bat (D:2)
  3 frilled lizards (D:1)
  3 rats
17 creatures vanquished.

Notes
Turn   | Place    | Note
-------+----------+-------------------------------------------
     0 | Abyss:1  | Demigod47 the Demonspawn Abyssal Knight began the quest for
                  | the Orb.
     0 | Abyss:1  | Reached XP level 1. HP: 18/18 MP: 2/2
     1 | D:1      | Escaped the Abyss
   306 | D:1      | Gained mutation: You regenerate a little health from kills.
                  | [demonic ancestry]
   306 | D:1      | Reached XP level 2. HP: 4/24 MP: 3/3
   674 | D:1      | Noticed a floating eye
   676 | D:1      | Found a faded altar of an unknown god.
   678 | D:1      | Noticed a great orb of eyes
   685 | D:1      | Noticed an eye of devastation
   739 | D:1      | Reached skill level 1 in Dodging
   892 | D:2      | Slain by a gnoll

Illustrated notes

Levels and vault maps discovered:
D:1:      spicycebolla_arrival_clurvy, layout_rooms,
          hellmonk_ecumenical_altar_watching_god, minmay_fountain_box,
          minmay_heptomino_d4
D:2:      layout_loops_ring, minmay_gold_behind_fungi

Skill      XL: |  1  2 |
---------------+-------+-----
Short Blades   | 2 |  2.2
Dodging        | 1 |  1.0
Fighting       | |  3.4
Armour         | |  1.9
Invocations    | |  2.4

Action                   || total
-------------------------++-------
Melee: Short sword       ||    39
  Use: Potion            ||     2
Armor: Leather armour    ||    10
Dodge: Dodged            ||    32
